 Dungeon Crawl Stone Soup version 0.29.1 (webtiles) character file.

Game seed: 6850857074867394146

3351 mtoz the Fighter (level 9, 0/81 HPs)
             Began as a Minotaur Fighter on Sept 13, 2022.
             Was a High Priest of Okawaru.
             Blown up by an orc wizard (14 damage)
             ... with a mindburst bolt
             ... on level 6 of the Dungeon.
             The game lasted 00:19:03 (6132 turns).

mtoz the Fighter (Minotaur Fighter)                 Turns: 6132, Time: 00:19:04

Health: 0/81       AC: 16    Str: 25    XL:     9   Next: 72%
Magic:  10/10      EV:  9    Int:  5    God:    Okawaru [*****.]
Gold:   293        SH:  5    Dex: 10    Spells: 8/8 levels left

rFire   . . .      SeeInvis +   a - +0 war axe
rCold   . . .      Faith    +   c - +0 buckler
rNeg    . . .      Spirit   .   A - +4 chain mail {rPois}
rPois   +          Reflect  .   (helmet restricted)
rElec   .          Harm     .   l - +0 cloak
rCorr   .          Rampage  .   (no gloves)
Will    .....                   (no boots)
Stlth   ..........              i - amulet of faith
HPRegen 0.23/turn               n - ring of see invisible
MPRegen 0.12/turn               (no ring)

@: no status effects
A: horns 2, retaliatory headbutt
a: Renounce Religion, Heroism, Finesse, Duel


You were on level 6 of the Dungeon.
You worshipped Okawaru.
Okawaru was extremely pleased with you.
You visited 2 branches of the dungeon, and saw 7 of its levels.

You collected 293 gold pieces.

Inventory:

Hand Weapons
 a - a +0 war axe (weapon)
 b - a +2 whip of electrocution
 r - a +0 halberd
 w - a +0 dire flail
 z - a +2 flail of protection
 B - a +0 flail
 E - a +0 morningstar
Missiles
 m - a throwing net (quivered)
Armour
 c - a +0 buckler (worn)
 l - a +0 cloak (worn)
 y - a +0 plate armour
 A - a +4 chain mail of poison resistance (worn)
Jewellery
 i - an amulet of faith (around neck)
 n - a ring of see invisible (left hand)
Wands
 C - a wand of paralysis (14)
Scrolls
 e - 4 scrolls of poison {unknown}
 g - a scroll of fear
 h - 2 scrolls of enchant weapon {unknown}
 k - 3 scrolls of vulnerability {unknown}
 o - 2 scrolls of magic mapping {unknown}
 p - a scroll of blinking {unknown}
 q - a scroll of noise {unknown}
 u - 2 scrolls of enchant armour {unknown}
 v - a scroll of teleportation {unknown}
 x - a scroll of immolation {unknown}
 D - a scroll of brand weapon {unknown}
Potions
 d - 2 potions of might
 f - 3 potions of curing
 j - a potion of berserk rage
 s - a potion of heal wounds
 t - a potion of cancellation


   Skills:
 * Level 8.2 Fighting
 * Level 7.6 Axes
 * Level 8.1 Armour
 + Level 4.5 Dodging
 * Level 8.1 Shields
 + Level 3.2 Invocations
 + Level 3.0 Evocations


You had 8 spell levels left.
You didn't know any spells.
Your spell library contained the following spells:

 Spells                   Type           Power      Damage    Failure   Level
 Shock                    Conj/Air       0%         1d3       98%         1
 Swiftness                Air            0%         N/A       100%        3
 Airstrike                Air            0%         2d(0-16)  100%        4


Dungeon Overview and Level Annotations

Branches:
Dungeon (6/15)             Temple (1/1) D:4

Altars:
Ashenzari
Fedhas
Gozag
Hepliaklqana
Makhleb
Nemelex Xobeh
Okawaru
Qazlal
Ru
Trog
Wu Jian
Xom

Annotations:
D:5 3 runed translucent doors, arakdai's ghost, novice HOFi


Innate Abilities, Weirdness & Mutations

You have a pair of horns on your head.
You reflexively headbutt those who attack you in melee.


Message History

The two-headed ogre barely misses you.
The two-headed ogre hits you but does no damage.
You fail to use your ability.
An ice beast comes into view.
You slice the two-headed ogre!!
You kill the two-headed ogre!
Okawaru is honoured by your kill.
You can now enter into single combat with a foe.
Okawaru will now gift you equipment as you gain piety.
Your base Fighting skill increases to level 8!
Your base Armour skill increases to level 8!
Your base Shields skill increases to level 8!
Your Invocations skill increases to level 3!
Your Evocations skill increases to level 3!
You hit the orc.
The orc is severely wounded.
You feel like a meek peon again. The orc hits you with a +0 hand axe.
* * * LOW HITPOINT WARNING * * *
The orc hits you but does no damage.
You barely miss the orc.
The orc is severely wounded.
The orc hits you but does no damage. x2
You slash the orc!
You kill the orc!
Okawaru accepts your kill. The orc hits you but does no damage.
You hit the orc wizard but do no damage.
Your headbutt misses the orc wizard. The orc hits you but does no damage.
The orc wizard casts a spell at you.
The magic dart hits you but does no damage.
The orc wizard casts a spell at you. The magic dart hits you.
* * * LOW HITPOINT WARNING * * *
The orc hits you but does no damage.
You closely miss the orc wizard.
The orc hits you from afar with a +0 spear.
* * * LOW HITPOINT WARNING * * *
The orc wizard zaps a wand.
Your mind is blasted!
You die...

###....... #.......
#....# #.$..# #
#....# #.#....#
#.##oY.# #..#o###
#.#@###########
###...##........#
+...............#
####..#.........#
##...........#
#...........#
#...........#
##..#.#....#######
#####....#....##.....


You could see an ice beast, an orc wizard and an orc.

Vanquished Creatures
  A two-headed ogre (D:6)
  Pikel (D:5)
  A hornet (D:5)
  Edmund (D:6)
  A black bear (D:6)
  An ice beast (D:6)
  4 ogres
  2 phantoms
  A lemure (D:5)
  2 kobold brigands (D:4)
  A bullfrog (D:6)
  A necrophage (D:5)
  3 scorpions
  4 wights (D:6)
  3 jellies
  4 hounds
  3 gnoll boudas
  4 orc wizards
  6 adders
  11 gnolls
  A white imp (D:5)
  An ufetubus (D:5)
  3 worms
  3 dart slugs
  14 orcs
  7 bats
  7 endoplasms
  7 giant cockroaches
  3 goblins
  8 hobgoblins
  5 jackals (D:1)
  12 kobolds
  6 quokkas
  9 ball pythons
  2 frilled lizards (D:2)
  7 rats
150 creatures vanquished.

Vanquished Creatures (others)
  3 plants (D:3)
3 creatures vanquished.

Grand Total: 153 creatures vanquished

Notes
Turn   | Place    | Note
-------+----------+-------------------------------------------
     0 | D:1      | mtoz the Minotaur Fighter began the quest for the Orb.
     0 | D:1      | Reached XP level 1. HP: 19/19 MP: 0/0
   113 | D:1      | Reached XP level 2. HP: 21/27 MP: 1/1
   555 | D:1      | Reached XP level 3. HP: 29/33 MP: 2/2
   753 | D:1      | Found a faded altar of an unknown god.
  1035 | D:2      | Reached skill level 1 in Dodging
  1147 | D:2      | Reached XP level 4. HP: 25/40 MP: 3/3
  2282 | D:4      | Reached XP level 5. HP: 47/47 MP: 4/4
  2389 | D:4      | Paralysed by a kobold brigand for 2 turns
  2397 | D:4      | Reached skill level 5 in Fighting
  2397 | D:4      | Reached skill level 5 in Shields
  2397 | D:4      | Reached XP level 6. HP: 32/56 MP: 5/5
  2655 | D:4      | Reached skill level 5 in Armour
  2829 | D:4      | Found a staircase to the Ecumenical Temple.
  3272 | Temple   | Entered the Ecumenical Temple
  3476 | Temple   | Became a worshipper of Warmaster Okawaru
  3513 | D:5      | Entered Level 5 of the Dungeon
  3521 | D:5      | Reached XP level 7. HP: 44/61 MP: 6/6
  3541 | D:5      | Noticed Pikel
  3677 | D:5      | HP: 1/61 [Pikel/+2 whip of electrocution (4)]
  3678 | D:5      | Killed Pikel
  3678 | D:5      | Reached * piety under Okawaru
  3678 | D:5      | Reached ** piety under Okawaru
  3679 | D:5      | Reached skill level 5 in Axes
  3679 | D:5      | Reached skill level 1 in Invocations
  3679 | D:5      | Reached skill level 1 in Evocations
  4034 | D:5      | Noticed a hornet
  4045 | D:5      | Killed a hornet
  4046 | D:5      | Reached XP level 8. HP: 32/71 MP: 5/8
  4262 | D:5      | Noticed arakdai's ghost (novice HOFi)
  4267 | D:5      | Found a runed translucent gate.
  4267 | D:5      | Found a runed translucent gate.
  4267 | D:5      | Found a runed translucent gate.
  4771 | D:5      | Reached *** piety under Okawaru
  5225 | D:5      | Noticed Edmund
  5253 | D:6      | Reached XP level 9. HP: 71/79 MP: 6/9
  5281 | D:6      | Reached **** piety under Okawaru
  5445 | D:6      | Killed Edmund
  6103 | D:6      | Noticed a two-headed ogre
  6127 | D:6      | Killed a two-headed ogre
  6127 | D:6      | Reached ***** piety under Okawaru
  6132 | D:6      | Blown up by an orc wizard

Illustrated notes

Levels and vault maps discovered:
D:1:      amcnicky_arrival_choice, layout_rooms,
          hellmonk_ecumenical_altar_inner_sanctum,
          minmay_misc_feat_more_columns, minivault_14
D:2:      layout_loops_cross
D:3:      cheibrodos_old_hovel, layout_rooms
D:4:      cheibrodos_thug_alley, layout_basic, minmay_temple_entry_junction
D:5:      layout_basic, gammafunk_ghost_split, minmay_misc_feat_cross,
          minmay_checkerbox, uniq_pikel, uniq_edmund
D:6:      layout_basic, serial_shops, nicolae_shop_behind_doors,
          nicolae_lakefront_shop, uniq_maggie
Temple:   nicolae_temple_bog_church

Skill      XL: |  1  2  3  4  5  6  7  8  9 |
---------------+----------------------------+-----
Fighting       | 4 5 6 7 8 |  8.2
Shields        | 4 5 6 7 8 |  8.1
Axes           | 3 4 5 6 7 |  7.6
Armour         | 4 5 6 7 8 |  8.1
Dodging        | 1 2 3 4 |  4.5
Invocations    | 1 2 3 |  3.2
Evocations     | 1 2 3 |  3.0

Action                   |  1- 3 |  4- 6 |  7- 9 || total
-------------------------+-------+-------+-------++-------
Melee: War axe           |    97 |   111 |   207 ||   415
       Headbutt          |    11 |    20 |    43 ||    74
Invok: Heroism           |       |       |     5 ||     5
  Use: Scroll            |       |       |     5 ||     5
       Potion            |       |       |     2 ||     2
Armor: Scale mail        |    46 |    30 |       ||    76
       Chain mail        |       |    19 |    94 ||   113
       Plate armour      |       |       |    13 ||    13
Dodge: Dodged            |    54 |    47 |    90 ||   191
Block: Buckler           |    29 |    17 |    65 ||   111
